 Dungeon Crawl Stone Soup version 0.24.0-123-gd5b16e6ec5 (webtiles) character file.

Game seed: 7576875123523949864, levelgen mode: deterministic

31373 Kobolds4U the Grappler (level 13, -12/130 HPs)
             Began as a Troll Monk on Dec 22, 2019.
             Was the Champion of Dithmenos.
             Mangled by a phantasmal warrior (31 damage)
             ... on level 15 of the Dungeon.
             The game lasted 00:48:32 (12476 turns).

Kobolds4U the Grappler (Troll Monk)                Turns: 12476, Time: 00:48:33

Health: -12/130    AC: 17    Str: 22    XL:     13   Next: 25%
Magic:  16/16      EV: 18    Int:  6    God:    Dithmenos [******]
Gold:   998        SH:  0    Dex: 16    Spells: 1/13 levels left

rFire    + . .     SeeInvis .     - Unarmed
rCold    . . .     Gourm    +   (no shield)
rNeg     . . .     Faith    .   M - +2 robe {rF+}
rPois    .         Spirit   .   (helmet restricted)
rElec    .         Reflect  .   o - +0 cloak
rCorr    .         Harm     .   (gloves unavailable)
MR       .....                  (boots unavailable)
Stlth    +++.......             h - amulet of regeneration
HPRegen  1.11/turn              t - +2 ring of evasion
MPRegen  0.15/turn              y - +5 ring of protection

@: wreathed by umbra, drained
A: large, unfitting armour, claws 3, rugged brown scales 1, thin metallic scales
1, fast metabolism 3, gourmand, regeneration 1, shaggy fur 1, tough skin 3
a: Shadow Step, Shadow Form, Renounce Religion


You were on level 15 of the Dungeon.
You worshipped Dithmenos.
Dithmenos was exalted by your worship.
You were very full.

You visited 1 branch of the dungeon, and saw 15 of its levels.
You also visited: Bailey.

You collected 1270 gold pieces.
You spent 272 gold pieces at shops.

Inventory:

Hand Weapons
 p - a +1 morningstar of protection
 N - a +0 dire flail
Missiles
 w - 41 boomerangs (quivered)
 F - 5 curare-tipped darts
 H - 7 silver javelins
 I - 25 poisoned darts
Armour
 n - a +1 robe of cold resistance
 o - a +0 cloak (worn)
 M - a +2 robe of fire resistance (worn)
 O - a +1 robe of magic resistance
Jewellery
 a - an uncursed ring of resist corrosion
 h - an amulet of regeneration (around neck)
 k - an uncursed ring of protection from cold
 l - an uncursed amulet of guardian spirit
 t - a +2 ring of evasion (left claw)
 y - a +5 ring of protection (right claw)
 z - an uncursed ring of protection from fire
 L - an uncursed amulet of rage
Wands
 m - a wand of disintegration (9)
 D - a wand of random effects (19)
 G - a wand of polymorph (7)
Scrolls
 c - 7 scrolls of remove curse
 g - 2 scrolls of enchant weapon
 j - a scroll of fog
 q - a scroll of brand weapon {unknown}
 s - 6 scrolls of enchant armour
 v - 2 scrolls of teleportation
 x - 3 scrolls of identify
 J - a scroll of amnesia
Potions
 d - a potion of degeneration
 e - 3 potions of agility
 f - 2 potions of lignification
 i - a potion of invisibility
 r - 6 potions of curing
 u - 2 potions of might
 A - a potion of haste
 B - a potion of heal wounds
 C - 4 potions of flight
Miscellaneous
 K - a phial of floods
Comestibles
 b - 27 rations


   Skills:
 - Level 8.0(7.3) Fighting
 - Level 5.0(4.3) Throwing
 + Level 9.5(8.8) Dodging
 - Level 1.0(0.4) Stealth
 + Level 14.8(14.0) Unarmed Combat
 * Level 0.6(0.1) Spellcasting
 * Level 0.9(0.4) Transmutations
 - Level 6.0(5.3) Invocations
 - Level 3.0(2.4) Evocations


You had one spell level left.
You knew the following spells:

 Your Spells              Type           Power        Failure   Level  Hunger
a - Blade Hands           Tmut           #.........   100%        5    ######.
b - Infusion              Chrm           #...         45%         1    ##.....
c - Ice Form              Ice/Tmut       #.......     99%         4    #####..
d - Ensorcelled Hibernat  Hex/Ice        #.....       58%         2    ###....

Your spell library contained the following spells:

 Spells                   Type           Power        Failure   Level  Hunger
 Corona                   Hex            #......      45%         1    ##.....
 Confuse                  Hex            #.......     83%         3    ####...
 Dazzling Spray           Conj/Hex       #.....       83%         3    ####...
 Tukima's Dance           Hex            #.......     83%         3    ####...
 Fireball                 Conj/Fire      #.........   100%        5    ######.
 Hydra Form               Tmut           #.........   100%        6    #######


Dungeon Overview and Level Annotations

Branches:
Dungeon (14/15)            Temple (0/1) D:5            Lair (0/6) D:8
    Orc (0/2) D:12         Depths (0/5) D:15         Bailey (visited)
 Vaults: D:13-14

Altars:
Ashenzari
Cheibriados
Dithmenos
Fedhas
Hepliaklqana
Kikubaaqudgha
Qazlal
Ru
Sif Muna
Wu Jian
Xom
Zin
The Shining One

Shops:
D:5 *   D:10 (   D:13 %


Innate Abilities, Weirdness & Mutations

You are too large for most types of armour.
You have claws for hands.
Your metabolism is lightning-fast.
You like to eat raw meat.
Your natural rate of healing is unusually fast.
You are covered in fur. (AC +1)
You have extremely tough skin. (AC +3)
You are partially covered in rugged brown scales. (AC +1, +3% HP)
You are partially covered in thin metallic scales. (AC +2)


Message History

The centaur warrior shoots an arrow.
The arrow barely misses you.
The centaur warrior shoots an arrow.
The arrow closely misses you.
You see here an arrow.
The phantasmal warrior blinks!
The centaur warrior shoots an arrow.
The arrow hits you!
You see here an arrow.
The phantasmal warrior blinks!
The phantasmal warrior completely misses you.
The phantasmal warrior hits you!
The centaur warrior shoots an arrow.
The arrow hits you.
The centaur warrior shoots an arrow.
The arrow barely misses you.
The phantasmal warrior blinks!
The centaur warrior shoots an arrow.
The arrow hits you!! The phantasmal warrior hits you!!
* * * LOW HITPOINT WARNING * * *
You emit a cloud of dark smoke.
You see here 2 arrows.
The phantasmal warrior blinks!
The phantasmal warrior hits you!!
You die...

#.........##...#
#..##.....##...# #####
#.^##.....+....# #...#
#.........#....# #...#
#.........#....# #...#
#.........#....# ###
#..########..#########...#
..######..##....##)###...
#...#
...#........§§§Z@W........
....#
...'........§§§§§.........
.....#
#..##.....##§c§§§.........
#####.....##.§§§§...#.....
# #...........§.....##+# #
#......c≈.≈≈≈≈...... #
#...ZZ.≈≈§§§≈§≈§≈...
#...≈≈≈§§≈§§§§§≈≈§..
#####(.≈≈≈§§≈§≈≈§§§§≈≈≈


You could see a centaur warrior, a phantasmal warrior and a centaur warrior
skeleton.

Vanquished Creatures
  6 slime creatures
  2 centaur warriors
  3 two-headed ogres
  Nergalle (D:10)
  4 skeletal warriors
  An unseen horror (D:10)
  Pikel (D:7)
  2 orc knights
  A cyclops (D:11)
  4 manticores
  6 ugly things
  Psyche (D:7)
  2 gargoyles
  An efreet (D:13)
  A kobold demonologist (D:15)
  A troll (D:14)
  Grinder (D:3)
  2 hippogriffs
  2 shadows (D:12)
  A tarantella (shapeshifter) (D:13)
  A water elemental (D:11)
  2 basilisks (D:12)
  20 yaks
  A wyvern (D:13)
  2 hungry ghosts
  Menkaure (D:4)
  3 porcupines (D:8)
  13 orc warriors
  6 sky beasts
  2 black bears
  5 ice beasts
  2 phantoms (D:6)
  16 centaurs
  6 ogres
  3 crocodiles
  4 big kobolds
  12 bullfrogs
  Blork the orc (D:5)
  A gnoll sergeant (D:8)
  6 scorpions
  17 killer bees
  5 wights (D:11)
  2 electric eels
  11 howler monkeys
  9 crimson imps
  5 centaur zombies
  2 bullfrog zombies
  4 orc priests
  2 bullfrog skeletons
  5 hounds
  A jelly (D:7)
  3 centaur skeletons
  Natasha (thrice) (D:4)
  7 iguanas
  16 orc wizards
  8 worker ants
  A killer bee zombie (D:6)
  A hound zombie (D:11)
  A hound skeleton (D:9)
  A worker ant zombie (D:8)
  Robin (D:4)
  7 gnolls
  9 adders
  3 shadow imps
  An adder skeleton (D:9)
  2 worms
  6 leopard geckos
  58 orcs
  4 giant cockroaches
  17 goblins
  13 hobgoblins
  12 jackals
  32 kobolds
  5 quokkas
  3 ball pythons
  7 bats (D:2)
  2 frilled lizards
  A jackal skeleton (D:4)
  A jackal zombie (D:5)
  A leopard gecko skeleton (D:8)
  A leopard gecko zombie (D:7)
  A quokka skeleton (D:4)
  A quokka zombie (D:4)
  8 rats
450 creatures vanquished.

Vanquished Creatures (others)
  3 slaves (D:8)
  A killer bee (D:8)
  4 fungi (D:8)
  5 plants
13 creatures vanquished.

Grand Total: 463 creatures vanquished

Notes
Turn   | Place    | Note
-------+----------+-------------------------------------------
     0 | D:1      | Kobolds4U the Troll Monk began the quest for the Orb.
     0 | D:1      | Reached XP level 1. HP: 22/22 MP: 0/0
   347 | D:1      | Reached XP level 2. HP: 29/29 MP: 1/1
   708 | D:2      | Reached skill level 4 in Unarmed Combat
   786 | D:2      | Reached XP level 3. HP: 36/36 MP: 2/2
   941 | D:2      | Found a shadowy altar of Dithmenos.
  1063 | D:2      | Became a worshipper of Dithmenos the Shadowed
  1063 | D:2      | Reached * piety under Dithmenos
  1063 | D:2      | Reached ** piety under Dithmenos
  1188 | D:3      | Reached skill level 1 in Invocations
  1188 | D:3      | Reached XP level 4. HP: 40/44 MP: 3/3
  1223 | D:3      | Found a hazy altar of Hepliaklqana.
  1224 | D:3      | Found a shimmering altar of Xom.
  1224 | D:3      | Noticed a hungry ghost
  1225 | D:3      | Noticed a spectral ugly thing
  1225 | D:3      | Noticed a hungry ghost
  1272 | D:3      | Noticed a sky beast
  1283 | D:3      | Killed a sky beast
  1283 | D:3      | Reached skill level 5 in Unarmed Combat
  1283 | D:3      | Reached XP level 5. HP: 31/50 MP: 3/5
  1342 | D:3      | Found a faded altar of an unknown god.
  1460 | D:3      | Noticed Grinder
  1474 | D:3      | Killed Grinder
  1474 | D:3      | Reached skill level 6 in Unarmed Combat
  1474 | D:3      | Reached XP level 6. HP: 42/59 MP: 5/7
  1549 | D:3      | Found a shattered altar of Ashenzari.
  1824 | D:4      | Reached skill level 1 in Evocations
  1829 | D:4      | Noticed Natasha
  1834 | D:4      | Killed Natasha
  1869 | D:4      | Noticed Natasha
  1879 | D:4      | Reached XP level 7. HP: 64/66 MP: 8/8
  1888 | D:4      | Killed Natasha
  1953 | D:4      | Found Zin's Purification Station.
  1961 | D:4      | Found a glowing silver altar of Zin.
  1967 | D:4      | Bought a potion of curing for 90 gold pieces
  2084 | D:4      | Noticed Natasha
  2109 | D:4      | Killed Natasha
  2219 | D:4      | Noticed Menkaure
  2233 | D:4      | Reached *** piety under Dithmenos
  2233 | D:4      | Noticed Robin
  2237 | D:4      | Killed Menkaure
  2247 | D:4      | Killed Robin
  2388 | D:5      | Entered Level 5 of the Dungeon
  2479 | D:5      | Reached skill level 7 in Unarmed Combat
  2525 | D:5      | Found an ornate altar of the Wu Jian Council.
  2554 | D:5      | Reached XP level 8. HP: 56/74 MP: 10/10
  2685 | D:5      | Found a staircase to the Ecumenical Temple.
  2989 | D:5      | Found Megeraw's Assorted Antiques.
  2992 | D:5      | Bought a runed robe for 118 gold pieces
  2992 | D:5      | Bought a scroll of identify for 64 gold pieces
  3104 | D:5      | Noticed Blork the orc
  3116 | D:5      | Killed Blork the orc
  3289 | D:6      | Reached skill level 8 in Unarmed Combat
  3465 | D:6      | Reached XP level 9. HP: 57/80 MP: 11/11
  3518 | D:6      | Reached skill level 5 in Dodging
  3535 | D:6      | Reached skill level 9 in Unarmed Combat
  3565 | D:6      | Reached **** piety under Dithmenos
  3632 | D:6      | Found an ancient bone altar of Kikubaaqudgha.
  3632 | D:6      | Found a blossoming altar of Fedhas.
  3721 | D:6      | Found a stormy altar of Qazlal.
  3844 | D:6      | Found a sacrificial altar of Ru.
  4711 | D:8      | Noticed Psyche
  4722 | D:8      | Noticed Pikel
  4738 | D:8      | Reached skill level 10 in Unarmed Combat
  4784 | D:7      | HP: 4/84 [Psyche/+3 dagger of chaos (5)]
  4789 | D:7      | Killed Psyche
  4854 | D:7      | Killed Pikel
  4854 | D:7      | Reached XP level 10. HP: 87/94 MP: 12/12
  4882 | D:8      | Found a staircase to the Lair.
  4922 | D:8      | Reached skill level 11 in Unarmed Combat
  4980 | D:8      | Reached skill level 5 in Fighting
  5067 | D:8      | Found a snail-covered altar of Cheibriados.
  5266 | D:8      | Reached ***** piety under Dithmenos
  5704 | D:8      | Found a shimmering blue altar of Sif Muna.
  5936 | D:8      | Identified Sif Muna's Tome of Protection
  6323 | D:9      | Found a glowing golden altar of the Shining One.
  6828 | D:10     | Entered Level 10 of the Dungeon
  6853 | D:10     | Noticed Nergalle
  6872 | D:10     | Killed Nergalle
  6872 | D:10     | Reached skill level 12 in Unarmed Combat
  6872 | D:10     | Reached XP level 11. HP: 74/105 MP: 13/13
  7042 | D:11     | Noticed a skeletal warrior
  7043 | D:11     | Noticed a skeletal warrior
  7056 | D:11     | Killed a skeletal warrior
  7059 | D:11     | Noticed a skeletal warrior
  7071 | D:11     | Noticed a skeletal warrior
  7081 | D:11     | HP: 2/105 [skeletal warrior/+0 flail (23)]
  7124 | D:11     | Found a flagged portal.
  7172 | D:10     | Noticed a two-headed ogre
  7235 | D:10     | Killed a two-headed ogre
  7382 | D:10     | Found Beciud's Weapon Emporium.
  7441 | Bailey   | Entered a bailey
  7479 | Bailey   | Noticed an orc knight
  7536 | Bailey   | Killed an orc knight
  7536 | Bailey   | Reached skill level 1 in Throwing
  7899 | D:11     | Reached ****** piety under Dithmenos
  8009 | D:11     | Reached skill level 13 in Unarmed Combat
  8525 | D:10     | Noticed a white ugly thing
  8527 | D:10     | Noticed a cyan ugly thing
  8553 | D:10     | Killed a white ugly thing
  8557 | D:10     | Killed a green ugly thing
  8599 | D:10     | Identified the Compendium of Hurtful Transmigration
  8617 | D:10     | Learned a level 5 spell: Blade Hands
  8619 | D:10     | Learned a level 1 spell: Infusion
  8704 | D:10     | Reached XP level 12. HP: 90/115 MP: 14/14
  9426 | D:11     | Gained mutation: You are partially covered in thin metallic
                  | scales. (AC +2) [potion of mutation]
  9426 | D:11     | Gained mutation: You are partially covered in rugged brown
                  | scales. (AC +1, +3% HP) [potion of mutation]
 10288 | D:12     | Reached skill level 5 in Throwing
 10456 | D:12     | Reached skill level 5 in Invocations
 10732 | D:12     | Found a staircase to the Orcish Mines.
 10770 | D:12     | Reached skill level 14 in Unarmed Combat
 11015 | D:12     | Noticed a centaur warrior
 11052 | D:12     | Killed a centaur warrior
 11275 | D:13     | Found Nuyfyf's Food Boutique.
 11340 | D:13     | Noticed a two-headed ogre
 11348 | D:13     | Killed a two-headed ogre
 11609 | D:13     | Noticed a two-headed ogre
 11615 | D:13     | Killed a two-headed ogre
 11639 | D:13     | Reached XP level 13. HP: 122/130 MP: 16/16
 12235 | D:14     | Learned a level 4 spell: Ice Form
 12238 | D:14     | Learned a level 2 spell: Ensorcelled Hibernation
 12292 | D:14     | You fall into a shaft and drop 1 floor!
 12292 | D:15     | Entered Level 15 of the Dungeon
 12451 | D:15     | Found a staircase to the Depths.
 12476 | D:15     | Mangled by a phantasmal warrior

Levels and vault maps discovered:
D:1:      lightli_arrival_quake, layout_loops_ring, minmay_misc_feat_diagonals
D:2:      layout_basic, marbit_many_paths
D:3:      layout_loops_ring, regret_index_temple_of_mockery, ashenzari_altar_1,
          chequers_ecumenical_altar_simple_redux, minmay_misc_feat_doors,
          kennysheep_generic_room_15, uniq_grinder
D:4:      layout_basic, zin_purify, uniq_menkaure, uniq_natasha, uniq_robin
D:5:      layout_loops_corners, kennysheep_mini_moat, minmay_temple_entry_waves,
          first_ration, serial_shops, kennysheep_mini, uniq_blork_the_orc
D:6:      layout_rooms, grunt_temple_overflow_growth_and_decay,
          lemuel_round_altar, kennysheep_little_box
D:7:      layout_cave_pools, grunt_decor_arrowhead, grunt_ogre_cave
D:8:      layout_rooms, slow_altar_1, led_sif_book, minmay_lair_entry_grove,
          serial_rivers, chequers_serial_rivers_micro_c,
          chequers_serial_rivers_large_a, chequers_serial_rivers_micro_b,
          chequers_serial_rivers_small_3, kennysheep_cluttered_room,
          uniq_psyche, uniq_pikel
D:9:      layout_roguey, nicolae_tso_carved_into_rock, palyth_stone_intersect
D:10:     layout_big_octagon, serial_shops, nicolae_shop_behind_doors,
          st_stairs_12, minmay_radiant, uniq_nergalle
D:11:     layout_basic, enter_bailey_3
D:12:     layout_long_grid, david_orc_3, minmay_misc_feat_columns, minmay_bent
D:13:     layout_loops_ring, serial_shops, nicolae_shop_stone
D:14:     layout_grid_maze, david_vaults_1, dk_noncrumbling_4,
          serial_bayou_ford_a, minmay_more_statues
D:15:     gammafunk_depths_entry_grave, layout_gridville, minmay_lindwurm_lava

Skill      XL: |  1  2  3  4  5  6  7  8  9 10 11 12 13 |
---------------+----------------------------------------+-----
Unarmed Combat | 4 5 6 7 8 10 12 13 14 | 14.8
Invocations    | 1 2 3 4 5 6 |  6.0
Evocations     | 1 2 3 |  3.0
Dodging        | 3 4 6 7 8 9 |  9.5
Fighting       | 4 5 6 7 8 |  8.0
Throwing       | 3 5 |  5.0
Stealth        | |  1.0
Spellcasting   | |  0.6
Transmutations | |  0.9

Action                   |  1- 3 |  4- 6 |  7- 9 | 10-12 | 13-15 || total
-------------------------+-------+-------+-------+-------+-------++-------
Melee: Unarmed           |    95 |    58 |   354 |   858 |   106 ||  1471
       Punch             |     1 |       |    17 |    72 |     8 ||    98
Throw: Boomerang         |       |       |       |    28 |       ||    28
Invok: Shadow Step       |       |       |     1 |     1 |       ||     2
  Use: Scroll            |       |       |    10 |    13 |       ||    23
       Potion            |       |       |     1 |     5 |       ||     6
 Stab: Sleeping          |     6 |     3 |     7 |     8 |     1 ||    25
       Distracted        |     1 |       |       |     1 |       ||     2
       Invisible         |       |       |     1 |       |       ||     1
  Eat: Chunk             |    16 |     7 |    27 |    70 |     7 ||   127
Armor: Robe              |    48 |     9 |   105 |   246 |    21 ||   429
Dodge: Dodged            |    43 |    20 |   254 |   932 |    64 ||  1313
